 Dungeon Crawl Stone Soup version 0.17-a0-1763-g847a857 (webtiles) character file.

32 Leibowitz the Sneak (level 3, -2/20 HPs)
             Began as a Kobold Enchanter on Sept 5, 2015.
             Slain by an adder (4 damage)
             ... on level 2 of the Dungeon.
             The game lasted 00:03:43 (1047 turns).

Leibowitz the Sneak (Kobold Enchanter)              Turns: 1047, Time: 00:03:43

Health: -2/20      AC:  3    Str:  6    XL:     3   Next: 45%
Magic:  2/6        EV: 15    Int: 14    God:
Gold:   78         SH:  0    Dex: 16    Spells: 3 memorised, 0 levels left

rFire  . . .     SeeInvis .     a - +1 dagger
rCold  . . .     Clarity  .     b - +1 robe
rNeg   . . .     SustAt   .     (shield restricted)
rPois  .         Gourm    .     (no helmet)
rElec  .         Spirit   .     (no cloak)
rCorr  .         Warding  .     (no gloves)
rMut   .         Stasis   .     (no boots)
MR     .....                    (no amulet)
Stlth  +++.......               (no ring)
                                (no ring)

@: not resistant to hostile enchantments, fairly stealthy
A: carnivore 3
a: no special abilities


You were on level 2 of the Dungeon.
You were very full.

You visited 1 branch of the dungeon, and saw 2 of its levels.

You collected 78 gold pieces.

Inventory:

Hand weapons
 a - a +1 dagger (weapon)
Armour
 b - a +1 robe (worn)
Scrolls
 e - 3 scrolls of identify {unknown}
 f - a scroll of immolation {unknown}
 g - 2 scrolls of remove curse {unknown}
 h - a scroll of magic mapping {unknown}
Books
 c - a book of Maledictions

   Spells                             Type                      Level
   a - Corona                         Hexes                        1
   b - Ensorcelled Hibernation        Hexes/Ice                    2
   c - Confuse                        Hexes                        3
   d - Tukima's Dance                 Hexes                        3
   e - Dazzling Spray                 Conjuration/Hexes            3
Comestibles
 d - a meat ration
 i - a royal jelly
 j - a slice of pizza


   Skills:
 + Level 0.7 Fighting
 + Level 2.0 Short Blades
 + Level 2.8 Dodging
 + Level 4.5 Stealth
 + Level 2.1 Spellcasting
 + Level 3.3 Hexes
 + Level 0.2 Ice Magic


You couldn't memorise any spells.
You knew the following spells:

 Your Spells              Type           Power        Failure   Level  Hunger
a - Corona                Hex            ##.....      10%         1    ##.....
b - Ensorcelled Hibernat  Hex/Ice        #.....       21%         2    ###....
c - Confuse               Hex            ##......     21%         3    ####...


Dungeon Overview and Level Annotations

Branches:
Dungeon (2/15)

Altars:


Innate Abilities, Weirdness & Mutations

You are small and have problems with some larger weapons.
You are carnivorous and can eat meat at any time.


Message History

You hit the hobgoblin.
The hobgoblin is severely wounded.
The hobgoblin barely misses you.
You hit the hobgoblin.
You kill the hobgoblin!
Casting: Ensorcelled Hibernation
Confirm with . or Enter, or press ? or * to list all spells.
Aiming: Ensorcelled Hibernation
Press: ? - help, Shift-Dir - straight line, f - adder
Aim: an adder (chance to defeat MR: 47%)
The adder resists with some effort.
The adder bites you.
* * * LOW HITPOINT WARNING * * *
The adder bites you but does no damage.
Casting: Ensorcelled Hibernation
Confirm with . or Enter, or press ? or * to list all spells.
Aiming: Ensorcelled Hibernation
Press: ? - help, Shift-Dir - straight line, f/p - adder
Aim: an adder (chance to defeat MR: 47%)
The adder resists with some effort.
The adder bites you.
You die...

### ##### ..# #...#
#.#######.#.# ###########
#.#.....#.#.# #..........
#.#.#.#.#.#.#######..%......S
#...#.#...#.....@Sr>.........
#####.#####.#######...!...<..
#...#.#...#.# ######+####
#.#.#.#.#.#.# #.#.....#.#.#
#.#######.#.# ...##.......#
...##.......# ...##.......#


You could see an adder and a rat.

Vanquished Creatures
  An ooze (D:1)
  A worm (D:2)
  A ball python (D:1)
  6 bats
  3 giant cockroaches (D:1)
  3 hobgoblins
  4 giant newts
  4 goblins
  4 rats
27 creatures vanquished.

Notes
Turn   | Place    | Note
--------------------------------------------------------------
     0 | D:1      | Leibowitz the Kobold Enchanter began the quest for the Orb.
     0 | D:1      | Reached XP level 1. HP: 10/10 MP: 3/3
   114 | D:1      | Reached XP level 2. HP: 13/15 MP: 5/5
   131 | D:1      | Learned a level 2 spell: Ensorcelled Hibernation
   409 | D:1      | Reached XP level 3. HP: 12/19 MP: 1/6
   414 | D:1      | Learned a level 3 spell: Confuse
  1047 | D:2      | Slain by an adder

Vault maps used:
D:1:      dpeg_arrival_shelter, serial_corexii_hall, corexii_hall_statues_x,
          corexii_hall_statues_l
D:2:      first_bread, minmay_misc_feat_ornament, yredelemnul_altar_generic,
          uniq_jessica

Action                   || total
-------------------------++-------
Melee: Dagger            ||   107
 Cast: Corona            ||     1
       Ensorcelled Hiber ||     7
 Stab: Sleeping          ||     9
  Eat: Chunk             ||     9
